 Dungeon Sprint DCSS version 0.22-a0-322-g60b3cfd (webtiles) character file.

116 emperorscorpion the Gusty (level 4, -3/24 HPs)
             Began as a Deep Elf Air Elementalist on Apr 5, 2018.
             Was a Follower of Vehumet.
             Slain by an orc warrior
             ... wielding a +0 hand axe
              (16 damage)
             ... in the Dungeon (Sprint IX: "|||||||||||||||||||||||||||||").
             The game lasted 00:02:17 (268 turns).

emperorscorpion the Gusty (DEAE)                     Turns: 268, Time: 00:02:18

Health: -3/24      AC:  4    Str: 11    XL:     4   Next: 69%
Magic:  14/14      EV: 15    Int: 21    God:    Vehumet [*.....]
Gold:   0          SH:  0    Dex: 18    Spells: 10/15 levels left

rFire    . . .     SeeInvis .   b - +2 rapier "Utathrex" {elec, Str+3}
rCold    . . .     Gourm    .   (no shield)
rNeg     . . .     Faith    .   m - +0 robe
rPois    .         Spirit   .   q - +0 helmet
rElec    .         Reflect  .   (no cloak)
rCorr    .         Harm     .   p - +0 pair of gloves
MR       .....     NoTele   +   (no boots)
Stlth    +++.......             (no amulet)
HPRegen  0.08/turn              r - +3 ring of dexterity
MPRegen  0.14/turn              s - +3 ring of strength

@: no status effects
A: no striking features
a: Renounce Religion


You were in the Dungeon.
You worshipped Vehumet.
Vehumet was aware of your devotion.
You were not hungry.

You visited 1 branch

Inventory:

Hand Weapons
 b - the +2 rapier "Utathrex" (weapon) {elec, Str+3}
   (You found it in the Dungeon)

   Occasionally, upon striking a foe, it will discharge some electrical energy
   and cause terrible harm.
   It affects your strength (+3).
 o - a +2 scimitar of flaming
Armour
 m - a +0 robe (worn)
 p - a +0 pair of gloves (worn)
 q - a +0 helmet (worn)
Magical Staves
 a - an uncursed staff of energy
Jewellery
 r - a +3 ring of dexterity (left hand)
 s - a +3 ring of strength (right hand)
Wands
 l - a wand of iceblast (10)
Scrolls
 i - 2 scrolls of blinking
 j - 3 scrolls of remove curse
 k - 2 scrolls of amnesia
Potions
 d - 5 potions of curing
 e - a potion of invisibility
 f - a potion of haste
 g - 3 potions of magic
 h - 2 potions of heal wounds
Comestibles
 c - a ration


   Skills:
 + Level 5.0 Dodging
 + Level 4.1 Stealth
 - Level 0.4 Unarmed Combat
 + Level 6.4 Spellcasting
 + Level 2.0 Conjurations
 + Level 7.2 Air Magic


You had 10 spell levels left.
You knew the following spells:

 Your Spells              Type           Power        Failure   Level  Hunger
a - Shock                 Conj/Air       ####         1%          1    None
b - Airstrike             Air            #####.....   4%          4    ###....


Dungeon Overview and Level Annotations

Branches:
Dungeon (1/1)

Altars:
Cheibriados
Dithmenos
Elyvilon
Fedhas
Gozag
Hepliaklqana
Kikubaaqudgha
Makhleb
Nemelex Xobeh
Okawaru
Qazlal
Ru
Sif Muna
Trog
Uskayaw
Vehumet
Wu Jian
Xom
Yredelemnul
Zin
The Shining One
Beogh
Jiyva
Lugonu


Message History

Confirm with . or Enter, or press ? or * to list all spells.
Aiming: Shock (safe; 1% risk of failure)
Press: ? - help, Shift-Dir - straight line, f/p - orc warrior
Aim: an orc warrior, wielding a hand axe and wearing a plate armour (lightly wounded)
The zap hits the orc warrior.
The orc warrior is moderately wounded.
The zap hits the hippogriff.
The hippogriff appears unharmed.
The zap misses the hornet.
The orc warrior barely misses you.
Unknown command.
You see here a +1 chain mail.
Items here: )))) a +0 lajatang; a +2 halberd of venom; a +2 morningstar of protection the +3 war axe "Asyiz" {elec, Str+3}
There is an open door here.
There is a glowing golden altar of the Shining One here.
You hit the orc warrior.
The orc warrior is moderately wounded.
The orc warrior hits you with a hand axe!
Ouch! That really hurt!
You die...

▓[▓
▓.▓
▓.▓
▓)▓
▓y▓
▓.▓
▓H▓
▓o▓
▓@▓
▓_▓
▓_▓
▓_▓
▓_▓
▓_▓
▓_▓
▓_▓
▓_▓


You could see a hippogriff, a hornet and an orc warrior.

Vanquished Creatures
  A scorpion (D)
  A crimson imp (D)
  2 adders (D)
  A worm (D)
  A leopard gecko (D)
  A bat (D)
  A giant cockroach (D)
  A goblin (D)
  A hobgoblin (D)
  A jackal (D)
  A giant cockroach zombie (D)
  A kobold (D)
13 creatures vanquished.

Notes
Turn   | Place    | Note
-------+----------+-------------------------------------------
     0 | D        | emperorscorpion the Deep Elf Air Elementalist began the quest for the Orb.
     0 | D        | Reached XP level 1. HP: 10/10 MP: 6/6
     5 | D        | Reached skill level 4 in Air Magic
    34 | D        | Noticed a crimson imp
    34 | D        | Noticed a scorpion
    37 | D        | Reached XP level 2. HP: 15/15 MP: 6/9
    49 | D        | Reached skill level 5 in Air Magic
    58 | D        | HP: 1/22 [scorpion (7)]
    60 | D        | Killed a scorpion
    60 | D        | Reached skill level 5 in Spellcasting
    60 | D        | Reached skill level 6 in Air Magic
    60 | D        | Reached XP level 3. HP: 1/19 MP: 1/12
    60 | D        | Reached XP level 4. HP: 2/24 MP: 1/13
    74 | D        | Reached skill level 5 in Dodging
    74 | D        | Reached skill level 7 in Air Magic
    92 | D        | Found a roughly hewn altar of Beogh.
    92 | D        | Found a snail-covered altar of Cheibriados.
    92 | D        | Found a shadowy altar of Dithmenos.
    92 | D        | Found a white marble altar of Elyvilon.
    92 | D        | Found a blossoming altar of Fedhas.
    92 | D        | Found an opulent altar of Gozag.
    93 | D        | Found a hazy altar of Hepliaklqana.
    94 | D        | Found a viscous altar of Jiyva.
    95 | D        | Found an ancient bone altar of Kikubaaqudgha.
    96 | D        | Found a corrupted altar of Lugonu.
    97 | D        | Found a burning altar of Makhleb.
    98 | D        | Found a sparkling altar of Nemelex Xobeh.
    99 | D        | Found an iron altar of Okawaru.
   100 | D        | Found a stormy altar of Qazlal.
   101 | D        | Found a sacrificial altar of Ru.
   102 | D        | Found a deep blue altar of Sif Muna.
   103 | D        | Found a bloodstained altar of Trog.
   104 | D        | Found a hide-covered altar of Uskayaw.
   105 | D        | Found a radiant altar of Vehumet.
   106 | D        | Found an ornate altar of the Wu Jian Council.
   107 | D        | Found a shimmering altar of Xom.
   108 | D        | Found a basalt altar of Yredelemnul.
   109 | D        | Found a glowing silver altar of Zin.
   110 | D        | Found a glowing golden altar of the Shining One.
   113 | D        | Became a worshipper of Vehumet
   129 | D        | Got the +2 rapier "Utathrex" {elec, Str+3}
   157 | D        | Learned a level 4 spell: Airstrike
   249 | D        | Noticed a hornet
   249 | D        | Noticed a hippogriff
   249 | D        | Noticed an orc warrior
   255 | D        | Reached * piety under Vehumet
   255 | D        | Offered knowledge of Sandblast by Vehumet.
   268 | D        | Slain by an orc warrior

Vault maps used:
D:        linesprint

Skill      XL: |  1  2  3  4 |
---------------+-------------+-----
Air Magic      | 4 6 7 |  7.2
Dodging        | 3 4 5 |  5.0
Spellcasting   | 4 5 6 |  6.4
Stealth        | 3 4 |  4.1
Conjurations   | 2 |  2.0
Unarmed Combat | |  0.4

Action                   |  1- 3 |  4- 6 || total
-------------------------+-------+-------++-------
Melee: Unarmed           |     7 |     3 ||    10
       Rapier            |       |     5 ||     5
 Cast: Shock             |    11 |     8 ||    19
  Use: Potion            |     1 |     2 ||     3
Armor: Robe              |       |     2 ||     2
Dodge: Dodged            |     2 |    11 ||    13

Table legend:
 A = Spawn XP
 B = Non-spawn XP
 C = Spawn XP percentage of total XP
 D = Spawn monster count
 E = Non-spawn monster count
 F = Spawn count percentage of total count
 G = Total turns spent on level
                    A         B        C        D         E        F      G
               +---------+---------+-------+---------+---------+-------+---------
         Total |       0 |     166 |   0.0 |       0 |      13 |   0.0 |   268
               +---------+---------+-------+---------+---------+-------+---------
             D |       0 |     166 |   0.0 |       0 |      13 |   0.0 |   268
               +---------+---------+-------+---------+---------+-------+---------
